 Dungeon Crawl Stone Soup version 0.30.0-13-g156ef70053 (webtiles) character file.

Game seed: 1600967779349495795

1516 browni3141 the Chopper (level 8, -1/70 HPs)
             Began as a Minotaur Fighter on May 17, 2023.
             Slain by a kobold
             ... wielding a +2 dagger of draining
              (2 damage)
             ... on level 7 of the Dungeon.
             The game lasted 00:02:14 (5175 turns).

browni3141 the Chopper (Minotaur Fighter)           Turns: 5175, Time: 00:02:15

Health: -1/70      AC: 11    Str: 21    XL:     8   Next: 54%
Magic:  7/7        EV:  9    Int:  5    God:
Gold:   387        SH:  5    Dex: 12    Spells: 7/7 levels left

rFire   + . .        a - +0 war axe
rCold   . . .        c - +0 buckler
rNeg    . . .        J - +0 chain mail
rPois   .            (helmet restricted)
rElec   .            (no cloak)
rCorr   .            (no gloves)
SInv    .            Z - +0 pair of boots
Will    .....        (no amulet) Stlth
                     U - ring of protection from fire
HPRegen 0.31/turn    (no ring)
MPRegen 0.10/turn

%: no passive effects
@: lethally poisoned (-1 -> -3), slowed, very slow
A: horns 2, retaliatory headbutt
a: no special abilities


You were on level 7 of the Dungeon.
You visited 2 branches of the dungeon, and saw 8 of its levels.

You collected 387 gold pieces.

Inventory:

Hand Weapons
 a - a +0 war axe (weapon)
Armour
 b - a +0 scale mail
 c - a +0 buckler (worn)
 J - a +0 chain mail (worn)
 Z - a +0 pair of boots (worn)
Jewellery
 C - a ring of resist corrosion
 U - a ring of protection from fire (left hand)
Scrolls
 D - 3 scrolls of brand weapon {unknown}
 G - a scroll of poison {unknown}
 H - a scroll of silence {unknown}
 L - a scroll of fear {unknown}
 Q - 5 scrolls of magic mapping {unknown}
 R - 6 scrolls of identify {unknown}
 S - a scroll of enchant weapon {unknown}
 T - a scroll of acquirement {unknown}
 V - 2 scrolls of vulnerability {unknown}
 X - 5 scrolls of teleportation {unknown}
Potions
 E - a potion of haste {unknown}
 F - 2 potions of ambrosia {unknown}
 I - a potion of lignification {unknown}
 K - 3 potions of cancellation {unknown}
 M - a potion of might
 N - 4 potions of curing {unknown}
 O - 2 potions of brilliance {unknown}
 P - 2 potions of degeneration {unknown}
 W - a potion of berserk rage {unknown}
 Y - a potion of heal wounds {unknown}


   Skills:
 + Level 6.2 Fighting
 * Level 7.9 Axes
 + Level 6.3 Armour
 + Level 4.5 Dodging
 + Level 6.2 Shields


You had 7 spell levels left.
You didn't know any spells.
Your spell library contained the following spells:

 Spells                   Type           Power      Damage    Failure   Level
 Chain Lightning          Conj/Air       0%         N/A       100%        9
 Fire Storm               Conj/Fire      0%         5d1       100%        9
 Shatter                  Erth           0%         3d5*      100%        9


Dungeon Overview and Level Annotations

Branches:
Dungeon (7/15)             Temple (1/1) D:6

Altars:
Ashenzari
Dithmenos
Elyvilon
Fedhas
Hepliaklqana
Kikubaaqudgha
Makhleb
Nemelex Xobeh
Qazlal
Ru
Sif Muna
Trog
Uskayaw
Wu Jian
Yredelemnul
The Shining One


Innate Abilities, Weirdness & Mutations

You have a pair of horns on your head.
You reflexively headbutt those who attack you in melee.


Message History

There is a stone staircase leading up here.
No target in view!
A kobold brigand and a bullfrog come into view.
The kobold brigand is wielding a +0 dagger and quivering curare-tipped darts.
The kobold brigand throws a curare-tipped dart.
The curare-tipped dart hits you.
You are poisoned.
You have difficulty breathing.
You feel yourself slow down.
There are monsters nearby! 2 kobolds come into view.
A kobold is wielding a +0 whip and quivering poisoned darts.
You feel very sick.
The kobold shouts! x2
The bullfrog snags a nearby butterfly with its tongue.
A kobold comes into view.
It is wielding a +2 dagger of draining. 2 kobolds and a centaur come into view.
You feel very sick.
The kobold shouts! x3; The centaur shouts!
The bullfrog swells and bulges.
The centaur wields a +0 shortbow.
The centaur shoots an arrow.
You block the arrow. The bullfrog barely misses you.
The kobold brigand throws a curare-tipped dart.
The curare-tipped dart hits you.
You are more poisoned.
You have difficulty breathing.
You feel as though you will be slow longer.
The bullfrog hits you but does no damage.
The kobold hits you but does no damage.
You barely miss the bullfrog. Your headbutt misses the bullfrog.
You hit the kobold.
You kill the kobold!
You feel extremely sick.
The centaur shoots an arrow.
The arrow hits you. The bullfrog barely misses you. You furiously retaliate!
You headbutt the bullfrog.
The centaur shoots an arrow.
The arrow hits you!
The bullfrog hits you but does no damage.
The centaur shoots an arrow.
The arrow hits you but does no damage.
You feel very sick. The bullfrog hits you. The kobold closely misses you.
The kobold brigand hits you with a +0 dagger.
The bullfrog hits you but does no damage.
The centaur shoots an arrow.
The arrow completely misses you.
The arrow hits the kobold.
The kobold dies!
The kobold brigand barely misses you.
The kobold throws a stone.
The stone barely misses you. You block the bullfrog's attack.
You closely miss the bullfrog.
The bullfrog is lightly wounded.
You hit the kobold. You barely miss the kobold. You hit the kobold brigand.
You feel very sick. The bullfrog barely misses you.
The centaur shoots an arrow.
The arrow hits you but does no damage. The kobold misses you.
You furiously retaliate!
You headbutt the kobold!
You kill the kobold!
The kobold hits you with a +0 short sword.
The kobold brigand hits you but does no damage.
The bullfrog misses you.
You hit the kobold.
You kill the kobold!
You hit the centaur. You barely miss the kobold.
You closely miss the kobold brigand. You slash the bullfrog!
You feel very sick.
The bullfrog hits you but does no damage.
The centaur unwields a +0 shortbow.
The centaur completely misses you.
The centaur kicks you but does no damage.
You block the kobold's attack. The kobold brigand barely misses you.
You furiously retaliate!
You headbutt the kobold brigand!
The bullfrog hits you but does no damage.
The kobold brigand hits you but does no damage.
The kobold hits you but does no damage.
You feel drained.
The centaur hits you but does no damage.
You block the centaur's attack.
You closely miss the bullfrog. You headbutt the bullfrog!
The bullfrog is almost dead.
You hit the centaur. You barely miss the kobold. You slash the kobold brigand!
You feel sick. The bullfrog barely misses you. You furiously retaliate!
You headbutt the bullfrog.
You kill the bullfrog!
The centaur hits you.
The centaur kicks you but does no damage.
The kobold hits you but does no damage.
You feel drained. You block the kobold brigand's attack.
The centaur barely misses you. You furiously retaliate!
You headbutt the centaur!
The centaur kicks you but does no damage.
The kobold brigand hits you with a +0 dagger.
The kobold barely misses you.
Your life force feels restored.
You hit the kobold brigand but do no damage.
You headbutt the kobold brigand, but do no damage.
The kobold brigand is almost dead.
You barely miss the centaur. You barely miss the kobold.
You feel sick. The centaur hits you. The centaur closely misses you. x2
The centaur barely misses you. You block the kobold's attack.
The kobold brigand hits you with a +0 dagger.
The centaur hits you but does no damage.
You block the centaur's attack. The kobold brigand barely misses you.
You furiously retaliate!
You headbutt the kobold brigand, but do no damage.
The kobold hits you with a +2 dagger of draining.
You die...

.### .... ###
..... ##### #<#
.$... ......#.#
......
#......###......
#.......)c......
#.......@K....#
#......))K....#
#.............#
...............#
##.....(..$....#
#.............#
#.............#
.............#


You could see a kobold brigand, a centaur and a kobold.

Vanquished Creatures
  A steam dragon (D:6)
  A black bear (D:4)
  An ice beast (D:6)
  An ogre (D:6)
  2 phantoms (D:5)
  2 bullfrogs
  2 scorpions
  3 wights (D:5)
  3 hounds (D:5)
  3 orc priests
  9 iguanas
  Terence (D:3)
  An orc wizard (D:5)
  4 adders
  A white imp (D:6)
  A worm (D:2)
  3 dart slugs
  7 orcs
  8 ball pythons
  3 endoplasms (D:1)
  4 giant cockroaches
  6 hobgoblins
  4 quokkas
  3 bats
  4 frilled lizards
  8 goblins
  14 kobolds
  3 rats
103 creatures vanquished.

Vanquished Creatures (others)
  A kobold (D:7)
1 creature vanquished.

Grand Total: 104 creatures vanquished

Notes
Turn   | Place    | Note
-------+----------+-------------------------------------------
     0 | D:1      | browni3141 the Minotaur Fighter began the quest for the
                  | Orb.
     0 | D:1      | Reached XP level 1. HP: 19/19 MP: 0/0
   156 | D:1      | Reached XP level 2. HP: 27/27 MP: 1/1
   345 | D:1      | Reached skill level 3 in Axes
   596 | D:1      | Reached XP level 3. HP: 33/33 MP: 2/2
  1132 | D:2      | Found a sacrificial altar of Ru.
  1420 | D:2      | Identified the +1 ring mail of Defiance {*Corrode Regen+
                  | Str+3}
  1745 | D:3      | Found a faded altar of an unknown god.
  1855 | D:3      | Noticed Terence
  1860 | D:3      | Killed Terence
  1861 | D:3      | Reached XP level 4. HP: 40/40 MP: 3/3
  2031 | D:3      | Found a sparkling altar of Nemelex Xobeh.
  2134 | D:4      | Reached skill level 4 in Axes
  2186 | D:4      | Noticed a black bear
  2192 | D:4      | Killed a black bear
  2193 | D:4      | Reached XP level 5. HP: 42/47 MP: 4/4
  2258 | D:4      | Reached skill level 5 in Axes
  2258 | D:4      | Reached XP level 6. HP: 16/53 MP: 5/5
  3050 | D:5      | Entered Level 5 of the Dungeon
  3172 | D:5      | Reached skill level 3 in Dodging
  3172 | D:5      | Reached XP level 7. HP: 29/58 MP: 6/6
  3180 | D:5      | Reached skill level 6 in Axes
  3385 | D:5      | Found an ornate altar of the Wu Jian Council.
  4172 | D:6      | Noticed a steam dragon
  4181 | D:6      | Killed a steam dragon
  4182 | D:6      | Reached skill level 7 in Axes
  4182 | D:6      | Reached XP level 8. HP: 52/70 MP: 7/7
  4269 | D:6      | Found a stormy altar of Qazlal.
  4271 | D:6      | Found a sacrificial altar of Ru.
  4335 | D:6      | Found a staircase to the Ecumenical Temple.
  4371 | D:6      | Reached skill level 6 in Armour
  4394 | Temple   | Entered the Ecumenical Temple
  4462 | D:6      | Reached skill level 6 in Fighting
  4487 | D:6      | Reached skill level 6 in Shields
  5175 | D:7      | HP: 1/70 [kobold brigand/+0 dagger (5)]
  5175 | D:7      | Slain by a kobold

Illustrated notes

Levels and vault maps discovered:
D:1:      scummos_arrival_star, layout_loops_ring,
          wander_ebering_terrifying_dragon_lair
D:2:      layout_loops_corners, basic_altar
D:3:      layout_rooms, mainiacjoe_overflow_six_doors_small,
          hellmonk_ecumenical_altar_arch_garden, minmay_misc_feat_roman,
          uniq_terence
D:4:      layout_loops_ring
D:5:      layout_basic, nzn_wu_jian_contemplation
D:6:      layout_loops_cross, nicolae_qazlal_eye_of_the_storm,
          mainiacjoe_overflow_alcove_1, temple_green
D:7:      layout_basic, lemuel_crystal_altar, general_overflow_altar,
          enter_ossuary_4, uniq_menkaure
Temple:   nicolae_temple_no_exploring_needed

Skill      XL: |  1  2  3  4  5  6  7  8 |
---------------+-------------------------+-----
Axes           | 3 4 5 7 |  7.9
Dodging        | 1 2 3 4 |  4.5
Fighting       | 4 5 6 |  6.2
Armour         | 4 5 6 |  6.3
Shields        | 4 5 6 |  6.2

Action                     |  1- 3 |  4- 6 |  7- 9 || total
---------------------------+-------+-------+-------++-------
  Melee: War axe           |   109 |    68 |   108 ||   285
         Headbutt          |     8 |    19 |    23 ||    50
 Armour: Scale mail        |    54 |    10 |       ||    64
         Chain mail        |       |    13 |    64 ||    77
  Dodge: Dodged            |    37 |    39 |    54 ||   130
  Block: Buckler           |    23 |    16 |    31 ||    70
